[ AOE2 MATCH · #482877440 ]
UnrankedByzantines vs Shu
[ REPLAY ANALYSIS · EXTRACTED FROM THE RECORDED GAME ]
Feudal
14:19
Castle
20:56
Imperial
—
| APM avg | 25.1 |
| APM peak | 82 |
| eAPM avg | 6.6 |
| Villagers / military | 20 / 8 |
Focus
⚔️ 13.3% · 🌾 86.7%
Fishing Ship ×8 · Scout Cavalry ×5 · Spearman ×3
Feudal
16:46
Castle
—
Imperial
—
| APM avg | 17.9 |
| APM peak | 39 |
| eAPM avg | 7.5 |
| Villagers / military | 39 / 0 |
Focus
⚔️ 2.3% · 🌾 97.7%
Feudal
18:57
Castle
—
Imperial
—
| APM avg | 10.7 |
| APM peak | 29 |
| eAPM avg | 5.7 |
| Villagers / military | 24 / 0 |
Focus
⚔️ 1.8% · 🌾 98.2%
Fishing Ship ×19
Feudal
17:45
Castle
—
Imperial
—
| APM avg | 14.3 |
| APM peak | 32 |
| eAPM avg | 5.7 |
| Villagers / military | 28 / 1 |
Focus
⚔️ 4.4% · 🌾 95.6%
Militia ×1
Feudal
14:18
Castle
18:07
Imperial
—
| APM avg | 29.2 |
| APM peak | 82 |
| eAPM avg | 14.4 |
| Villagers / military | 39 / 3 |
Focus
⚔️ 15.7% · 🌾 84.3%
Fishing Ship ×9 · Battering Ram ×3
Feudal
—
Castle
—
Imperial
—
| APM avg | 41.5 |
| APM peak | 110 |
| eAPM avg | 12.9 |
| Villagers / military | 31 / 6 |
Focus
⚔️ 6.5% · 🌾 93.5%
Scout Cavalry ×6 · Fishing Ship ×4
Feudal
15:24
Castle
22:07
Imperial
—
| APM avg | 28.5 |
| APM peak | 52 |
| eAPM avg | 11.5 |
| Villagers / military | 30 / 2 |
Focus
⚔️ 24.4% · 🌾 75.6%
Fishing Ship ×13 · Transport Ship ×1 · Demolition Raft ×1
Feudal
—
Castle
—
Imperial
—
| APM avg | 20.0 |
| APM peak | 51 |
| eAPM avg | 11.2 |
| Villagers / military | 25 / 14 |
Focus
⚔️ 13.8% · 🌾 86.2%
Fishing Ship ×17 · Longboat ×8 · Fire Galley ×6
Match map
Initial resources + every placement click. Lines = walls · curves = elevation contours. ◆ gold · ⬟ stone · ● berries · ✦ relic · ◌ wall gap
Your base· Open — 7t gap
MEKOO's base· Open — unwalled flank
Elma Kanon's base· Open — unwalled flank
el pistolero del oeste's base· Open — unwalled flank
Krumpkin's base· Open — 6t gap
ITSZERKIIN's base· Open — 1t gap
Zamarrypa's base· Open — 5t gap
drakilouxD's base· Open — unwalled flank
Smoothed initial terrain · ◌ = detected wall gap · hover for details
Inputs per minute
— Akanii - - MEKOO
Build order — Akanii
58 actions detected in the replay
| 0:57 | Build | Town Center |
| 1:26 | Build | Dock |
| 2:37 | Build | House |
| 2:46 | Build | Palisade Wall |
| 3:36 | Create | Villager (Male) ×4 |
| 4:32 | Create | Villager (Male) |
| 4:36 | Create | Fishing Ship |
| 5:32 | Create | Fishing Ship |
| 5:59 | Build | House |
| 6:03 | Build | House |
| 6:05 | Build | House |
| 6:09 | Create | Villager (Male) |
| 6:38 | Create | Fishing Ship |
| 6:57 | Create | Villager (Male) |
| 7:40 | Create | Villager (Male) |
| 8:01 | Create | Villager (Male) |
| 8:24 | Build | Mill |
| 8:28 | Create | Villager (Male) |
| 9:18 | Create | Villager (Male) |
| 9:19 | Create | Villager (Male) |
| 9:20 | Create | Villager (Male) |
| 9:23 | Create | Fishing Ship |
| 9:59 | Create | Fishing Ship |
| 10:27 | Create | Villager (Male) |
| 10:40 | Build | Mining Camp |
| 10:49 | Build | House |
| 11:30 | Create | Fishing Ship |
| 12:09 | Research | Feudal Age |
| 12:15 | Create | Fishing Ship |
| 12:16 | Create | Fishing Ship |
| 12:28 | Create | Villager (Male) |
| 13:37 | Build | Barracks |
| 13:42 | Build | Palisade Wall |
| 13:46 | Create | Villager (Male) |
| 14:19 | Age | Feudal Age |
| 14:39 | Build | Lumber Camp |
| 14:42 | Create | Villager (Male) |
| 14:50 | Build | House |
| 14:51 | Build | House |
| 15:41 | Create | Villager (Male) |
| 15:41 | Create | Villager (Male) |
| 15:52 | Research | Double-Bit Axe |
| 15:54 | Research | Horse Collar |
| 16:39 | Build | Stable |
| 16:43 | Create | Villager (Male) |
| 17:25 | Create | Scout Cavalry |
| 17:37 | Build | Blacksmith |
| 18:16 | Research | Castle Age |
| 18:55 | Create | Spearman |
| 18:56 | Create | Spearman |
| 19:00 | Create | Scout Cavalry |
| 19:00 | Create | Scout Cavalry |
| 19:11 | Build | Watch Tower |
| 19:22 | Create | Scout Cavalry |
| 19:24 | Create | Spearman |
| 19:45 | Create | Scout Cavalry |
| 20:56 | Age | Castle Age |
| 21:10 | Build | Market |
Build order — MEKOO
89 actions detected in the replay
| 1:20 | Build | Town Center |
| 1:51 | Build | Mining Camp |
| 2:23 | Build | House |
| 2:28 | Build | House |
| 2:30 | Build | House |
| 2:42 | Build | House |
| 4:04 | Create | Villager (Male) |
| 4:04 | Create | Villager (Male) |
| 4:04 | Create | Villager (Male) |
| 4:04 | Create | Villager (Male) |
| 4:05 | Create | Villager (Male) |
| 4:05 | Create | Villager (Male) |
| 5:26 | Create | Villager (Male) |
| 5:27 | Create | Villager (Male) |
| 6:06 | Create | Villager (Male) |
| 6:06 | Create | Villager (Male) |
| 6:41 | Create | Villager (Male) |
| 6:42 | Create | Villager (Male) |
| 7:10 | Create | Villager (Male) |
| 7:10 | Create | Villager (Male) |
| 7:10 | Create | Villager (Male) |
| 7:47 | Create | Villager (Male) |
| 7:47 | Create | Villager (Male) |
| 9:14 | Create | Villager (Male) |
| 9:14 | Create | Villager (Male) |
| 9:14 | Create | Villager (Male) |
| 9:14 | Create | Villager (Male) |
| 9:14 | Create | Villager (Male) |
| 9:15 | Create | Villager (Male) |
| 9:37 | Build | Lumber Camp |
| 10:39 | Build | Mill |
| 11:03 | Build | House |
| 11:08 | Build | House |
| 11:25 | Build | Farm |
| 13:28 | Build | Farm |
| 13:37 | Build | Farm |
| 13:48 | Build | House |
| 13:49 | Build | House |
| 13:50 | Build | House |
| 13:52 | Build | House |
| 14:36 | Research | Feudal Age |
| 14:36 | Research | Feudal Age |
| 14:49 | Build | Mining Camp |
| 15:02 | Create | Villager (Male) |
| 15:02 | Create | Villager (Male) |
| 15:03 | Research | Loom |
| 16:15 | Create | Villager (Male) |
| 16:15 | Create | Villager (Male) |
| 16:15 | Create | Villager (Male) |
| 16:16 | Create | Villager (Male) |
| 16:46 | Age | Feudal Age |
| 17:12 | Build | Watch Tower |
| 17:23 | Build | Watch Tower |
| 18:04 | Build | Watch Tower |
| 18:11 | Build | House |
| 18:12 | Build | House |
| 18:14 | Build | House |
| 18:16 | Build | House |
| 18:17 | Build | House |
| 18:19 | Build | House |
| 18:21 | Build | House |
| 18:44 | Build | Watch Tower |
| 19:16 | Build | House |
| 19:42 | Build | House |
| 19:43 | Build | House |
| 19:45 | Build | House |
| 19:46 | Build | House |
| 19:47 | Build | House |
| 19:48 | Build | House |
| 19:49 | Build | House |
| 19:52 | Build | House |
| 19:53 | Build | House |
| 20:44 | Build | House |
| 20:45 | Build | House |
| 20:48 | Build | House |
| 20:49 | Build | House |
| 21:09 | Create | Villager (Male) |
| 21:09 | Create | Villager (Male) |
| 21:09 | Create | Villager (Male) |
| 21:10 | Create | Villager (Male) |
| 21:10 | Create | Villager (Male) |
| 21:10 | Create | Villager (Male) |
| 21:10 | Create | Villager (Male) |
| 21:10 | Create | Villager (Male) |
| 21:10 | Create | Villager (Male) |
| 21:10 | Create | Villager (Male) |
| 21:47 | Build | House |
| 22:01 | Build | House |
| 22:02 | Build | House |
Build order — Elma Kanon
65 actions detected in the replay
| 0:31 | Build | House |
| 4:58 | Build | Town Center |
| 5:51 | Build | House |
| 6:59 | Create | Villager (Male) |
| 6:59 | Create | Villager (Male) |
| 6:59 | Create | Villager (Male) |
| 7:00 | Create | Villager (Male) |
| 7:00 | Create | Villager (Male) |
| 8:09 | Create | Villager (Male) |
| 8:09 | Create | Villager (Male) |
| 8:33 | Create | Villager (Male) |
| 8:51 | Build | House |
| 9:12 | Create | Villager (Male) |
| 9:13 | Create | Villager (Male) |
| 9:38 | Build | Dock |
| 9:44 | Create | Villager (Male) |
| 9:44 | Create | Villager (Male) |
| 10:02 | Create | Villager (Male) |
| 10:02 | Create | Villager (Male) |
| 10:08 | Build | House |
| 10:43 | Create | Villager (Male) |
| 10:43 | Create | Villager (Male) |
| 11:03 | Create | Fishing Ship |
| 11:23 | Create | Villager (Male) |
| 11:26 | Create | Villager (Male) |
| 11:26 | Create | Villager (Male) |
| 11:39 | Create | Fishing Ship |
| 12:05 | Build | House |
| 12:16 | Create | Villager (Male) |
| 12:28 | Create | Fishing Ship |
| 12:51 | Create | Villager (Male) |
| 12:51 | Create | Villager (Male) |
| 12:58 | Create | Fishing Ship |
| 13:13 | Create | Villager (Male) |
| 13:15 | Create | Fishing Ship |
| 14:05 | Build | Dock |
| 14:36 | Create | Fishing Ship |
| 14:51 | Create | Fishing Ship |
| 14:51 | Create | Fishing Ship |
| 15:21 | Create | Fishing Ship |
| 15:21 | Create | Fishing Ship |
| 15:37 | Build | Lumber Camp |
| 15:56 | Create | Fishing Ship |
| 15:56 | Create | Fishing Ship |
| 16:15 | Build | House |
| 16:47 | Research | Feudal Age |
| 16:55 | Build | Mining Camp |
| 16:58 | Create | Fishing Ship |
| 16:58 | Create | Fishing Ship |
| 17:59 | Build | Mining Camp |
| 18:15 | Create | Fishing Ship |
| 18:15 | Create | Fishing Ship |
| 18:51 | Create | Fishing Ship |
| 18:57 | Age | Feudal Age |
| 19:01 | Build | House |
| 19:17 | Build | Mill |
| 19:22 | Build | Blacksmith |
| 19:33 | Create | Villager (Male) |
| 20:31 | Build | Market |
| 20:52 | Create | Fishing Ship |
| 20:53 | Create | Fishing Ship |
| 21:06 | Research | Castle Age |
| 22:11 | Research | Tech 906 |
| 22:23 | Research | Double-Bit Axe |
| 22:25 | Research | Gold Mining |
Build order — el pistolero del oeste
53 actions detected in the replay
| 2:38 | Build | Town Center |
| 4:38 | Build | House |
| 4:39 | Build | House |
| 5:14 | Create | Villager (Male) |
| 5:14 | Create | Villager (Male) |
| 5:15 | Create | Villager (Male) |
| 5:15 | Create | Villager (Male) |
| 5:49 | Build | House |
| 5:51 | Build | House |
| 6:53 | Build | Lumber Camp |
| 6:56 | Create | Villager (Male) |
| 6:57 | Create | Villager (Male) |
| 7:26 | Create | Villager (Male) |
| 7:26 | Create | Villager (Male) |
| 7:59 | Create | Villager (Male) |
| 8:16 | Create | Villager (Male) |
| 8:38 | Create | Villager (Male) |
| 9:20 | Create | Villager (Male) |
| 9:50 | Create | Villager (Male) |
| 9:51 | Create | Villager (Male) |
| 9:51 | Create | Villager (Male) |
| 10:19 | Create | Villager (Male) |
| 10:20 | Create | Villager (Male) |
| 10:20 | Create | Villager (Male) |
| 10:27 | Build | Mill |
| 11:02 | Create | Villager (Male) |
| 11:02 | Create | Villager (Male) |
| 12:01 | Build | Mill |
| 12:11 | Build | Mill |
| 12:15 | Create | Villager (Male) |
| 12:16 | Create | Villager (Male) |
| 12:16 | Create | Villager (Male) |
| 12:42 | Create | Villager (Male) |
| 13:12 | Build | Mining Camp |
| 13:16 | Create | Villager (Male) |
| 14:06 | Create | Villager (Male) |
| 14:12 | Build | Farm |
| 14:14 | Build | Farm |
| 14:16 | Build | Farm |
| 14:18 | Build | Farm |
| 14:28 | Build | Mining Camp |
| 14:42 | Build | Barracks |
| 14:57 | Build | House |
| 15:35 | Research | Feudal Age |
| 15:35 | Research | Feudal Age |
| 16:08 | Build | House |
| 16:10 | Build | House |
| 16:11 | Build | House |
| 16:25 | Create | Militia |
| 16:33 | Create | Villager (Male) |
| 16:33 | Create | Villager (Male) |
| 17:45 | Age | Feudal Age |
| 17:54 | Build | Stone Wall |
Build order — Krumpkin
67 actions detected in the replay
| 0:16 | Build | House |
| 1:01 | Build | Town Center |
| 1:28 | Build | Dock |
| 3:12 | Create | Villager (Male) |
| 3:12 | Create | Villager (Male) |
| 3:13 | Create | Villager (Male) |
| 3:13 | Create | Villager (Male) |
| 3:13 | Create | Villager (Male) |
| 3:14 | Research | Loom |
| 4:10 | Create | Villager (Male) |
| 4:16 | Create | Fishing Ship |
| 4:48 | Build | House |
| 5:10 | Build | House |
| 5:40 | Create | Villager (Male) |
| 5:58 | Create | Fishing Ship |
| 6:08 | Build | House |
| 6:43 | Create | Villager (Male) |
| 6:44 | Create | Villager (Male) |
| 7:05 | Create | Fishing Ship |
| 7:16 | Build | House |
| 7:26 | Create | Villager (Male) |
| 7:26 | Create | Villager (Male) |
| 7:26 | Create | Villager (Male) |
| 7:56 | Create | Villager (Male) |
| 8:15 | Build | Palisade Wall |
| 8:54 | Create | Villager (Male) |
| 8:54 | Create | Villager (Male) |
| 8:54 | Create | Villager (Male) |
| 8:57 | Create | Fishing Ship |
| 8:57 | Create | Fishing Ship |
| 9:25 | Create | Villager (Male) |
| 9:27 | Create | Fishing Ship |
| 10:25 | Build | Mill |
| 10:53 | Create | Villager (Male) |
| 10:54 | Create | Villager (Male) |
| 10:54 | Create | Villager (Male) |
| 10:56 | Create | Fishing Ship |
| 11:05 | Build | House |
| 11:06 | Build | House |
| 11:47 | Research | Feudal Age |
| 12:23 | Create | Fishing Ship |
| 12:23 | Create | Fishing Ship |
| 13:15 | Create | Villager (Male) |
| 13:15 | Create | Villager (Male) |
| 14:18 | Age | Feudal Age |
| 14:25 | Build | Blacksmith |
| 14:29 | Build | Market |
| 15:27 | Research | Castle Age |
| 15:58 | Build | Mining Camp |
| 16:49 | Research | Tech 906 |
| 17:03 | Research | Stone Mining |
| 18:03 | Create | Villager (Male) |
| 18:04 | Create | Villager (Male) |
| 18:07 | Age | Castle Age |
| 18:18 | Build | Castle |
| 18:22 | Create | Villager (Male) ×5 |
| 18:30 | Build | Barracks |
| 18:38 | Build | Siege Workshop |
| 18:46 | Create | Villager (Male) ×3 |
| 19:02 | Build | Castle |
| 19:08 | Research | Fletching |
| 19:35 | Create | Battering Ram |
| 21:34 | Create | Battering Ram |
| 21:34 | Create | Battering Ram |
| 21:36 | Create | Villager (Male) ×5 |
| 21:48 | Build | Mining Camp |
| 22:02 | Create | Villager (Male) ×2 |
Build order — ITSZERKIIN
78 actions detected in the replay
| 0:42 | Build | Town Center |
| 3:11 | Create | Villager (Male) |
| 3:11 | Create | Villager (Male) |
| 3:47 | Build | House |
| 4:16 | Create | Villager (Male) |
| 4:42 | Create | Villager (Male) |
| 4:43 | Create | Villager (Male) |
| 5:42 | Create | Villager (Male) |
| 6:13 | Create | Villager (Male) |
| 6:20 | Build | House |
| 6:37 | Create | Villager (Male) |
| 7:16 | Create | Villager (Male) |
| 7:35 | Build | Barracks |
| 7:37 | Create | Villager (Male) |
| 8:01 | Build | House |
| 8:03 | Create | Villager (Male) |
| 8:30 | Create | Villager (Male) |
| 8:58 | Build | Palisade Wall |
| 9:01 | Create | Villager (Male) |
| 9:30 | Create | Villager (Male) |
| 9:44 | Build | Palisade Gate |
| 9:57 | Create | Villager (Male) |
| 10:13 | Build | Mill |
| 10:36 | Create | Villager (Male) |
| 10:54 | Build | Farm |
| 10:54 | Build | Farm |
| 10:55 | Build | Farm |
| 10:55 | Build | Farm |
| 11:19 | Build | Dock |
| 11:33 | Build | House |
| 11:35 | Create | Villager (Male) |
| 12:00 | Build | Mill |
| 12:18 | Create | Villager (Male) |
| 13:11 | Create | Villager (Male) |
| 13:36 | Create | Fishing Ship |
| 13:42 | Create | Villager (Male) |
| 13:48 | Create | Fishing Ship |
| 13:51 | Create | Fishing Ship |
| 14:12 | Create | Villager (Male) |
| 14:41 | Build | Mill |
| 14:47 | Build | House |
| 15:01 | Research | Feudal Age |
| 16:08 | Build | House |
| 16:09 | Build | House |
| 16:10 | Build | House |
| 16:17 | Build | Palisade Wall |
| 16:29 | Create | Villager (Male) |
| 16:35 | Create | Fishing Ship |
| 17:20 | Create | Villager (Male) |
| 17:38 | Build | Lumber Camp |
| 17:54 | Research | Horse Collar |
| 17:59 | Build | Farm |
| 18:02 | Build | Farm |
| 18:05 | Build | Farm |
| 18:09 | Create | Villager (Male) |
| 18:12 | Research | Double-Bit Axe |
| 18:15 | Create | Villager (Male) |
| 18:49 | Build | Stable |
| 18:52 | Create | Villager (Male) |
| 19:06 | Create | Villager (Male) |
| 19:22 | Build | Farm |
| 19:22 | Build | Farm |
| 19:34 | Build | Farm |
| 19:35 | Create | Villager (Male) |
| 19:46 | Create | Scout Cavalry |
| 20:05 | Build | Farm |
| 20:09 | Build | Farm |
| 20:17 | Create | Scout Cavalry |
| 20:28 | Build | Farm |
| 20:31 | Create | Villager (Male) |
| 20:32 | Create | Villager (Male) |
| 20:35 | Create | Scout Cavalry |
| 20:36 | Research | Bloodlines |
| 20:37 | Create | Scout Cavalry |
| 20:39 | Create | Scout Cavalry |
| 20:41 | Create | Scout Cavalry |
| 21:05 | Build | Farm |
| 21:13 | Create | Villager (Male) |
Build order — Zamarrypa
82 actions detected in the replay
| 0:39 | Build | Town Center |
| 0:47 | Build | Dock |
| 0:50 | Build | House |
| 1:14 | Build | Dock |
| 1:33 | Build | House |
| 2:06 | Build | Palisade Wall |
| 2:07 | Build | Palisade Wall |
| 2:30 | Build | Palisade Wall |
| 2:59 | Build | Palisade Wall |
| 3:06 | Create | Villager (Male) ×4 |
| 4:04 | Research | Loom |
| 4:24 | Create | Fishing Ship |
| 4:51 | Create | Villager (Male) |
| 5:10 | Create | Fishing Ship |
| 5:25 | Build | House |
| 5:59 | Build | Palisade Wall |
| 6:07 | Create | Villager (Male) |
| 6:27 | Create | Villager (Male) |
| 6:29 | Create | Fishing Ship |
| 6:55 | Create | Villager (Male) |
| 7:11 | Create | Fishing Ship |
| 7:21 | Build | House |
| 7:35 | Create | Villager (Male) |
| 7:54 | Create | Fishing Ship |
| 8:05 | Create | Villager (Male) |
| 8:20 | Create | Villager (Male) |
| 8:20 | Create | Villager (Male) |
| 8:23 | Build | Palisade Wall |
| 8:33 | Create | Villager (Male) |
| 8:48 | Build | House |
| 8:53 | Create | Villager (Male) |
| 9:04 | Create | Villager (Male) |
| 9:05 | Create | Fishing Ship |
| 9:43 | Build | Mill |
| 9:48 | Create | Villager (Male) |
| 9:55 | Build | House |
| 10:19 | Create | Villager (Male) |
| 10:20 | Create | Villager (Male) |
| 10:34 | Create | Villager (Male) |
| 10:34 | Create | Fishing Ship |
| 11:06 | Create | Villager (Male) |
| 11:12 | Create | Villager (Male) |
| 11:23 | Build | House |
| 11:25 | Create | Fishing Ship |
| 11:37 | Create | Villager (Male) |
| 12:05 | Build | Mining Camp |
| 12:41 | Build | Lumber Camp |
| 13:14 | Research | Feudal Age |
| 14:35 | Create | Villager (Male) |
| 14:35 | Create | Villager (Male) |
| 14:44 | Build | Mining Camp |
| 15:05 | Build | Mill |
| 15:24 | Age | Feudal Age |
| 15:30 | Build | Market |
| 15:34 | Build | Blacksmith |
| 15:54 | Create | Demolition Raft |
| 16:03 | Create | Fishing Ship |
| 16:03 | Create | Fishing Ship |
| 16:19 | Build | House |
| 16:24 | Create | Villager (Male) |
| 16:58 | Build | Dock |
| 17:02 | Create | Villager (Male) |
| 17:15 | Build | Mill |
| 17:20 | Create | Villager (Male) |
| 17:37 | Build | House |
| 17:50 | Build | House |
| 17:52 | Build | Palisade Wall |
| 17:58 | Create | Villager (Male) |
| 18:22 | Build | Palisade Wall |
| 18:27 | Build | Palisade Wall |
| 18:29 | Build | Palisade Wall |
| 18:51 | Create | Villager (Male) |
| 19:07 | Create | Fishing Ship |
| 19:25 | Create | Fishing Ship |
| 19:26 | Create | Fishing Ship |
| 19:27 | Research | Castle Age |
| 21:23 | Create | Transport Ship |
| 21:31 | Build | House |
| 21:59 | Build | House |
| 22:07 | Age | Castle Age |
| 22:52 | Create | Villager (Male) |
| 22:59 | Research | Padded Archer Armor |
Build order — drakilouxD
84 actions detected in the replay
| 0:54 | Build | House |
| 1:44 | Build | Town Center |
| 3:45 | Build | Dock |
| 4:08 | Create | Villager (Male) |
| 4:09 | Create | Villager (Male) |
| 4:09 | Create | Villager (Male) |
| 4:09 | Create | Villager (Male) |
| 5:42 | Build | House |
| 5:46 | Build | House |
| 5:52 | Build | Palisade Wall |
| 5:57 | Create | Fishing Ship |
| 6:32 | Create | Fishing Ship |
| 6:43 | Build | House |
| 6:49 | Build | Palisade Wall |
| 7:16 | Create | Fishing Ship |
| 7:57 | Create | Villager (Male) |
| 8:17 | Create | Fishing Ship |
| 8:36 | Create | Villager (Male) |
| 8:41 | Create | Villager (Male) |
| 9:05 | Build | Palisade Wall |
| 9:11 | Build | Palisade Wall |
| 9:15 | Create | Villager (Male) |
| 9:38 | Create | Fishing Ship |
| 9:39 | Create | Fishing Ship |
| 9:50 | Create | Villager (Male) |
| 10:02 | Create | Fishing Ship |
| 10:02 | Create | Fishing Ship |
| 10:16 | Create | Villager (Male) |
| 10:22 | Create | Fishing Ship |
| 10:36 | Create | Villager (Male) |
| 10:55 | Create | Villager (Male) |
| 11:07 | Build | Mill |
| 11:24 | Build | Mining Camp |
| 11:30 | Create | Villager (Male) |
| 11:33 | Create | Fishing Ship |
| 11:45 | Create | Villager (Male) |
| 11:49 | Create | Fishing Ship |
| 11:55 | Build | House |
| 12:32 | Build | House |
| 12:33 | Build | House |
| 12:35 | Create | Villager (Male) |
| 12:35 | Create | Villager (Male) |
| 12:43 | Create | Fishing Ship |
| 13:18 | Create | Villager (Male) |
| 13:32 | Build | House |
| 13:36 | Build | House |
| 13:37 | Build | House |
| 13:43 | Create | Fishing Ship |
| 13:58 | Create | Villager (Male) |
| 14:03 | Research | Feudal Age |
| 14:13 | Build | House |
| 14:14 | Build | House |
| 16:03 | Build | Dock |
| 16:18 | Build | Blacksmith |
| 16:26 | Build | Mill |
| 16:28 | Create | Villager (Male) |
| 16:29 | Create | Villager (Male) |
| 16:30 | Create | Villager (Male) |
| 17:20 | Create | Fishing Ship |
| 17:20 | Create | Fishing Ship |
| 17:25 | Create | Fishing Ship |
| 17:25 | Create | Fishing Ship |
| 18:06 | Build | Market |
| 18:50 | Research | Castle Age |
| 19:35 | Create | Fire Galley |
| 19:36 | Create | Fire Galley |
| 19:37 | Create | Fire Galley |
| 19:37 | Create | Fire Galley |
| 20:00 | Create | Villager (Male) |
| 20:00 | Create | Villager (Male) |
| 20:24 | Build | Dock |
| 21:04 | Create | Fire Galley |
| 21:04 | Create | Fire Galley |
| 21:30 | Create | Longboat |
| 21:31 | Create | Longboat |
| 21:31 | Create | Longboat |
| 21:47 | Create | Villager (Male) |
| 21:47 | Create | Villager (Male) |
| 22:01 | Build | House |
| 23:07 | Create | Longboat |
| 23:07 | Create | Longboat |
| 23:07 | Create | Longboat |
| 23:07 | Create | Longboat |
| 23:07 | Create | Longboat |
Match timeline
| 0:47 | Zamarrypa · first_building Dock |
| 1:26 | Akanii · first_building Dock |
| 1:28 | Krumpkin · first_building Dock |
| 2:06 | Zamarrypa · wall_segment Palisade Wall x1 |
| 2:07 | Zamarrypa · wall_segment Palisade Wall x1 |
| 2:30 | Zamarrypa · wall_segment Palisade Wall x1 |
| 2:46 | Akanii · wall_segment Palisade Wall x1 |
| 2:59 | Zamarrypa · wall_segment Palisade Wall x1 |
| 3:45 | drakilouxD · first_building Dock |
| 5:52 | drakilouxD · wall_segment Palisade Wall x1 |
| 5:59 | Zamarrypa · wall_segment Palisade Wall x1 |
| 6:49 | drakilouxD · wall_segment Palisade Wall x8 |
| 7:35 | ITSZERKIIN · first_building Barracks |
| 8:15 | Krumpkin · wall_segment Palisade Wall x1 |
| 8:23 | Zamarrypa · wall_segment Palisade Wall x1 |
| 8:58 | ITSZERKIIN · wall_segment Palisade Wall x6 |
| 9:05 | drakilouxD · wall_segment Palisade Wall x1 |
| 9:11 | drakilouxD · wall_segment Palisade Wall x3 |
| 9:38 | Elma Kanon · first_building Dock |
| 11:19 | ITSZERKIIN · first_building Dock |
| 13:37 | Akanii · first_building Barracks |
| 13:42 | Akanii · wall_segment Palisade Wall x2 |
| 14:18 | Krumpkin · age_up feudal |
| 14:19 | Akanii · age_up feudal |
| 14:42 | el pistolero del oeste · first_building Barracks |
| 15:24 | Zamarrypa · age_up feudal |
| 15:26 | Krumpkin · first_market_sell 100 food |
| 16:17 | ITSZERKIIN · wall_segment Palisade Wall x4 |
| 16:39 | Akanii · first_building Stable |
| 16:46 | MEKOO · age_up feudal |
| 17:45 | el pistolero del oeste · age_up feudal |
| 17:52 | Zamarrypa · wall_segment Palisade Wall x6 |
| 17:54 | Krumpkin · first_market_buy 100 stone |
| 17:54 | el pistolero del oeste · wall_segment Stone Wall x9 |
| 18:07 | Krumpkin · age_up castle |
| 18:18 | Krumpkin · first_building Castle |
| 18:22 | Zamarrypa · wall_segment Palisade Wall x5 |
| 18:27 | Zamarrypa · wall_segment Palisade Wall x8 |
| 18:29 | Zamarrypa · wall_segment Palisade Wall x1 |
| 18:30 | Krumpkin · first_building Barracks |
| 18:38 | Krumpkin · first_building Siege Workshop |
| 18:49 | ITSZERKIIN · first_building Stable |
| 18:57 | Elma Kanon · age_up feudal |
| 19:53 | el pistolero del oeste · resign |
| 20:56 | Akanii · age_up castle |
| 22:07 | Zamarrypa · age_up castle |
| 22:59 | MEKOO · tribute_sent a jugador 2 |
| 22:59 | MEKOO · tribute_sent a jugador 3 |
| 22:59 | MEKOO · tribute_sent a jugador 4 |
| 22:59 | MEKOO · tribute_sent a jugador 5 |
| 22:59 | MEKOO · tribute_sent a jugador 6 |
| 22:59 | MEKOO · tribute_sent a jugador 7 |
| 22:59 | MEKOO · tribute_sent a jugador 8 |
[ AI ANALYSIS · 1 CREDIT ]
What really happened in this match?
Wolo.gg analyzes every decision: build order, eco, micro, common mistakes by bracket. Personalized analysis on WhatsApp or Discord in 30 seconds.
Civ guide
Byzantines
Perfil
Jugador #1145613